 Dungeon Crawl Stone Soup version 0.25.1-2-g60ff931df9 (webtiles) character file.

Game seed: 11979101906108645115

13 Descartes the Insei (level 2, 0/14 HPs)
             Began as a Vine Stalker Transmuter on Nov 12, 2020.
             Slain by a gnoll
             ... wielding a +0 whip
              (4 damage)
             ... on level 1 of the Dungeon.
             The game lasted 00:01:05 (596 turns).

Descartes the Insei (Vine Stalker Transmuter)        Turns: 596, Time: 00:01:06

Health: 0/14       AC:  2    Str: 12    XL:     2   Next: 37%
Magic:  0/6        EV: 11    Int: 13    God:
Gold:   0          SH:  0    Dex: 14    Spells: 4/5 levels left

rFire    . . .     SeeInvis .     - Unarmed
rCold    . . .     Gourm    .   (no shield)
rNeg     . . .     Faith    .   e - -1 leather armour (curse)
rPois    .         Spirit   +   (no helmet)
rElec    .         Reflect  .   (no cloak)
rCorr    .         Harm     .   (no gloves)
MR       .....                  (no boots)
Stlth    ++........             (no amulet)
HPRegen  0.04/turn              (no ring)
MPRegen  0.10/turn              (no ring)

@: no status effects
A: fangs 2, magic shield, antimagic bite, no potion heal 3, rot immunity
a: no special abilities


You were on level 1 of the Dungeon.
You were not hungry.

You visited 1 branch of the dungeon, and saw 1 of its levels.

Inventory:

Missiles
 a - 12 arrows
Armour
 b - a +0 robe
 e - a cursed -1 leather armour (worn)
Scrolls
 c - a scroll of enchant weapon {unknown}
 i - a scroll of amnesia {unknown}
 j - a scroll of identify {unknown}
 k - a scroll of blinking {unknown}
Potions
 f - a potion of stabbing {unknown}
 g - a potion of brilliance {unknown}
Comestibles
 d - 3 rations


   Skills:
 - Level 0.8 Fighting
 - Level 1.5 Dodging
 * Level 1.5 Stealth
 + Level 3.1 Unarmed Combat
 + Level 2.3 Spellcasting
 + Level 2.2 Transmutations


You had 4 spell levels left.
You knew the following spells:

 Your Spells              Type           Power        Failure   Level  Hunger
a - Beastly Appendage     Tmut           #.....       13%         1    #......

Your spell library contained the following spells:

 Spells                   Type           Power        Failure   Level  Hunger
 Sticks to Snakes         Tmut           #.......     19%         2    ###....
 Spider Form              Tmut/Pois      #.........   52%         3    ###....
 Ice Form                 Ice/Tmut       #.......     89%         4    #####..
 Blade Hands              Tmut           #.........   98%         5    ######.


Dungeon Overview and Level Annotations

Branches:
Dungeon (1/15)

Altars:


Innate Abilities, Weirdness & Mutations

You have extremely sharp teeth.
When hurt, damage is shared between your health and your magic reserves.
Your bite disrupts and absorbs the magic of your enemies.
Potions cannot restore your health.
You are immune to rotting.


Message History

The gnoll is heavily wounded.
The gnoll hits you with a +0 whip.
* * * LOW HITPOINT WARNING * * *
The leopard gecko bites you but does no damage.
You are too injured to fight recklessly!
You are too injured to fight recklessly!
You are too injured to fight recklessly!
You are too injured to fight recklessly!
You are too injured to fight recklessly!
You are too injured to fight recklessly!
You are too injured to fight recklessly!
You are too injured to fight recklessly!
You are too injured to fight recklessly!
You are too injured to fight recklessly!
You are too injured to fight recklessly!
You are too injured to fight recklessly!
You barely miss the gnoll.
The gnoll is heavily wounded.
The gnoll hits you with a +0 whip.
You die...

##..ยง# ######### #8..##
........# ##..#
........# #..# %.$...>.#
#..## ....!...# #...#
........# ##..##
.......g# #...##
......l@# ##...### ##
........## ##....####.
.........# ###.......
.........#### ##.#####
########....######.#####
####.............
##########...# ###.# #..


You could see a gnoll and a leopard gecko.

Vanquished Creatures
  2 dart slugs (D:1)
  A bat (D:1)
  3 goblins (D:1)
  A hobgoblin (D:1)
  A kobold (D:1)
8 creatures vanquished.

Notes
Turn   | Place    | Note
-------+----------+-------------------------------------------
     0 | D:1      | Descartes the Vine Stalker Transmuter began the quest for
                  | the Orb.
     0 | D:1      | Reached XP level 1. HP: 9/9 MP: 4/4
   242 | D:1      | Reached skill level 1 in Stealth
   252 | D:1      | Reached XP level 2. HP: 5/14 MP: 3/6
   596 | D:1      | Slain by a gnoll

Illustrated notes

Levels and vault maps discovered:
D:1:      heliophobic_arrival_dark_side_of_the_moon, layout_rooms,
          minmay_misc_feat_chi

Skill      XL: |  1 |
---------------+----+-----
Stealth        | 1 |  1.5
Fighting       | |  0.8
Dodging        | |  1.5
Unarmed Combat | |  3.1
Spellcasting   | |  2.3
Transmutations | |  2.2

Action                   || total
-------------------------++-------
Melee: Unarmed           ||    26
       Bite              ||     4
Armor: Leather armour    ||     5
Dodge: Dodged            ||    15
